 Dungeon Crawl Stone Soup version 0.29-a0-334-gb41bcbb86e (webtiles) character file.

Game seed: 6277892981703282241

24 Dauddaud the Sneak (level 2, 0/15 HPs)
             Began as a Spriggan Brigand on Apr 14, 2022.
             Frozen to death by an endoplasm (3 damage)
             ... on level 1 of the Dungeon.
             The game lasted 00:02:50 (372 turns).

Dauddaud the Sneak (Spriggan Brigand)                Turns: 372, Time: 00:02:51

Health: 0/15       AC:  3    Str:  7    XL:     2   Next: 79%
Magic:  3/3        EV: 16    Int: 12    God:
Gold:   51         SH:  0    Dex: 16    Spells: 1/1 levels left

rFire   . . .      SeeInvis +   a - +2 dagger
rCold   . . .      Faith    .   (no shield)
rNeg    . . .      Spirit   .   b - +0 robe
rPois   .          Reflect  .   (helmet restricted)
rElec   .          Harm     .   c - +0 cloak
rCorr   .          Rampage  .   (gloves unavailable)
Will    .....                   (boots unavailable)
Stlth   +++.......              (no amulet)
HPRegen 0.05/turn               (no ring)
MPRegen 0.08/turn               (no ring)

@: very quick
A: very small, no large weapons, unfitting armour, see invisible, speed 3
a: no special abilities


You were on level 1 of the Dungeon.
You visited 1 branch of the dungeon, and saw 1 of its levels.

You collected 51 gold pieces.

Inventory:

Hand Weapons
 a - a +2 dagger (weapon)
Missiles
 e - 3 curare-tipped darts (quivered)
Armour
 b - a +0 robe (worn)
 c - a +0 cloak (worn)
Scrolls
 f - 3 scrolls of identify {unknown}
 i - a scroll of fog {unknown}
Potions
 g - a potion of brilliance {unknown}
 h - a potion of berserk rage {unknown}


   Skills:
 + Level 1.7 Fighting
 + Level 2.8 Short Blades
 + Level 2.1 Throwing
 + Level 1.5 Dodging
 + Level 6.5 Stealth


You had one spell level left.
You didn't know any spells.
Your spell library contained the following spells:

 Spells                   Type           Power      Damage    Failure   Level
 Ignite Poison            Fire/Tmut/Pois 0%         N/A       69%         3
 Spider Form              Tmut/Pois      0%         N/A       69%         3
 Iron Shot                Conj/Erth      0%         9d1       100%        6
 Orb of Destruction       Conj           0%         9d5       100%        7


Dungeon Overview and Level Annotations

Branches:
Dungeon (1/15)

Altars:


Innate Abilities, Weirdness & Mutations

You are very small and have problems with some larger weapons.
You are too small for most types of armour.
You have supernaturally acute eyesight. (SInv)
You cover ground extremely quickly. (Speed+++)


Message History

The poisoned dart barely misses the ball python.
The poisoned dart hits the endoplasm.
You hit the ball python.
The ball python is moderately wounded.
The ball python bites you but does no damage.
The ball python closely misses you.
You barely miss the ball python.
The ball python is moderately wounded.
The ball python closely misses you. x2
You barely miss the ball python.
The ball python is moderately wounded.
The ball python barely misses you. x2
You barely miss the ball python.
The ball python is moderately wounded.
The ball python bites you but does no damage.
The ball python completely misses you.
You barely miss the ball python.
The ball python is moderately wounded.
The ball python bites you but does no damage.
The ball python barely misses you.
You closely miss the ball python. The ball python bites you.
The ball python grabs you. The ball python constricts you.
You closely miss the ball python. The ball python bites you.
The ball python constricts you.
You hit the ball python.
The ball python is severely wounded.
The ball python closely misses you. The ball python constricts you.
You hit the ball python.
You kill the ball python!
You barely miss the endoplasm. The endoplasm freezes you.
You are frozen.
* * * LOW HITPOINT WARNING * * *
You barely miss the endoplasm. The endoplasm hits you.
* * * LOW HITPOINT WARNING * * *
You hit the endoplasm.
The endoplasm is almost dead.
The endoplasm freezes you.
You are frozen.
You die...

#...r.# #.....# #.....# ###
########.....# #.# .......#.....#
####.###### .......#.....##
#.......... .....((.......#
#.#..######
.......(((....#########...##
.....K...(...(KJ@.........# ####
..............#########...####...
((..........).# ##...........
.........#.#### ##............
.......##..# #.............
...#......## #.............
..>........ #......)......
#......... ##............ ...
####............


You could see an endoplasm and a kobold.

Vanquished Creatures
  4 dart slugs (D:1)
  An endoplasm (D:1)
  2 giant cockroaches (D:1)
  A goblin (D:1)
  A hobgoblin (D:1)
  A jackal (D:1)
  A kobold (D:1)
  4 ball pythons (D:1)
15 creatures vanquished.

Notes
Turn   | Place    | Note
-------+----------+-------------------------------------------
     0 | D:1      | Dauddaud the Spriggan Brigand began the quest for the Orb.
     0 | D:1      | Reached XP level 1. HP: 10/10 MP: 2/2
    64 | D:1      | Reached skill level 6 in Stealth
    69 | D:1      | Got the Almanac of Harmful Poison
    94 | D:1      | Reached XP level 2. HP: 14/14 MP: 3/3
   372 | D:1      | Frozen to death by an endoplasm

Illustrated notes

Levels and vault maps discovered:
D:1:      elethiomel_arrival_shortcut, layout_rooms

Skill      XL: |  1 |
---------------+----+-----
Stealth        | 6 |  6.5
Fighting       | |  1.7
Short Blades   | |  2.8
Throwing       | |  2.1
Dodging        | |  1.5

Action                   || total
-------------------------++-------
Melee: Dagger            ||    32
Throw: Dart              ||     9
 Stab: Sleeping          ||     6
Armor: Robe              ||     7
Dodge: Dodged            ||    22

Table legend: (Time is in decaauts)
 A = Elapsed time spent in this place.
 B = Non-inter-level travel time spent in this place.
 C = Inter-level travel time spent in this place.
 D = Time resting spent in this place.
 E = Time spent auto-exploring this place.
 F = Levels seen in this place.
 G = Mean time per level.
                   A        B        C        D        E       F      G
               +--------+--------+--------+--------+--------+-----+--------+
         Total |    284 |    278 |      6 |      0 |    163 |   1 |  284.0 |
       Dungeon |    284 |    278 |      6 |      0 |    163 |   1 |  284.0 |
               +--------+--------+--------+--------+--------+-----+--------+

Top non-repeatable levels by time:
     D:1: 284 daAuts
